 Dungeon Crawl Stone Soup version 0.26-b1-57-gb162d0664a (webtiles) character file.

Game seed: 13060539473672933319

363579 Froggeryz the Warrior (level 22, 0/152 HPs)
             Began as a Gargoyle Gladiator on Jan 8, 2021.
             Slain by a tentacled monstrosity (2 damage)
             ... while paralysed by a great orb of eyes
             ... on level 5 of the Vaults on Jan 9, 2021.
             The game lasted 01:30:46 (55290 turns).

Froggeryz the Warrior (Gargoyle Gladiator)         Turns: 55290, Time: 01:30:46

Health: 0/152      AC: 49    Str: 29    XL:     22   Next: 50%
Magic:  32/32      EV: -1    Int: 10    God:
Gold:   4070       SH:  0    Dex: 29    Spells: 33/35 levels left

rFire    . . .     SeeInvis .   Y - +9 eveningstar (venom)
rCold    . . .     Faith    .   c - +0 kite shield
rNeg     + + .     Spirit   .   G - +8 plate armour "Poeroez" {rElec rC- Dex+3}
rPois    ∞         Reflect  +   w - +0 helmet "Byofoad" {Dex+8} (curse)
rElec    +         Harm     .   J - +2 ratskin cloak {*Rats rPois rN+ Str-1 Int-1 Dex+1}
rCorr    .         Rampage  .   (no gloves)
Will     +....                  Z - +1 pair of boots {run}
Stlth    ..........             M - amulet of reflection
HPRegen  0.35/turn              i - ring of willpower
MPRegen  0.23/turn              V - ring of Amaatuhu {rElec rC+ Str+4 Dex+6}

@: paralysed, mighty, weak-willed, constricted, studying 2 skills, quick
A: big wings, negative energy resistance 1, electricity resistance, unbreathing,
petrification resistance, miasma immunity, AC +16
}: 2/15 runes: decaying, gossamer
a: Fly


You were on level 5 of the Vaults.
You visited 6 branches of the dungeon, and saw 36 of its levels.
You visited the Abyss 1 time.
You also visited: Ossuary and Ice Cave.

You collected 7676 gold pieces.
You spent 3606 gold pieces at shops.

Inventory:

Hand Weapons
 A - a +1 morningstar of freezing
 Y - a +9 eveningstar of venom (weapon)
Missiles
 b - 2 curare-tipped darts
 d - 4 throwing nets
 L - 31 javelins (quivered)
Armour
 c - a +0 kite shield (worn)
 k - +2 fire dragon scales
 w - the cursed +0 helmet "Byofoad" (worn) {Dex+8}
   (You found it on level 3 of the Spider Nest)

   It affects your dexterity (+8).
   It has a curse placed upon it.
 G - the +8 plate armour "Poeroez" (worn) {rElec rC- Dex+3}
   (You found it on level 11 of the Dungeon)

   It affects your dexterity (+3).
   It makes you vulnerable to cold.
   It insulates you from electricity.
 J - the +2 ratskin cloak (worn) {*Rats rPois rN+ Str-1 Int-1 Dex+1}
   (You found it on level 7 of the Dungeon)

   It affects your strength (-1).
   It affects your intelligence (-1).
   It affects your dexterity (+1).
   It protects you from poison.
   It protects you from negative energy.
 Z - a +1 pair of boots of running (worn)
Jewellery
 e - an uncursed ring of ice
 i - a ring of willpower (left hand)
 s - the amulet "Caeried" {rElec rPois Regen+ MP-9 Str+8}
   (You found it in an ice cave)

   [amulet of regeneration]

   It affects your strength (+8).
   It insulates you from electricity.
   It protects you from poison.
   It affects your magic capacity (-9).
   It increases your rate of regeneration.
 B - an uncursed ring of protection from fire
 M - an amulet of reflection (around neck)
 V - the ring of Amaatuhu (right hand) {rElec rC+ Str+4 Dex+6}
   (You bought it in a shop on level 4 of the Dungeon)

   [ring of dexterity]

   It affects your strength (+4).
   It affects your dexterity (+6).
   It protects you from cold.
   It insulates you from electricity.
Wands
 u - a wand of digging (5)
 v - a wand of acid (19)
 x - a wand of enslavement (5)
 E - a wand of disintegration (34)
 K - a wand of flame (91)
 Q - a wand of iceblast (34)
 U - a wand of paralysis (23)
Scrolls
 g - 5 scrolls of identify
 h - 4 scrolls of enchant weapon
 m - 9 scrolls of teleportation
 o - 2 scrolls of summoning
 p - 5 scrolls of immolation
 t - 3 scrolls of fog
 y - 8 scrolls of remove curse
 R - 7 scrolls of enchant armour
 X - 2 scrolls of fear
Potions
 f - 4 potions of resistance
 l - 2 potions of haste
 r - 7 potions of might
 z - 5 potions of curing
 D - 2 potions of mutation
 H - 7 potions of ambrosia
 T - 4 potions of cancellation
Books
 C - a manual of Dodging
 I - a manual of Slings
Miscellaneous
 q - a condenser vane (inert)


   Skills:
 + Level 20.1 Fighting
 + Level 17.3 Maces & Flails
 - Level 10.0 Throwing
 + Level 14.2 Armour
 + Level 12.5 Dodging
 + Level 18.5 Shields
 - Level 7.0 Spellcasting
 - Level 11.4 Translocations


You had 33 spell levels left.
You knew the following spells:

 Your Spells              Type           Power        Failure   Level
a - Blink                 Tloc           N/A          1%          2

Your spell library contained the following spells:

 Spells                   Type           Power        Failure   Level
 Apportation              Tloc           52%          1%          1
 Gell's Gravitas          Tloc           13%          3%          3
 Passage of Golubria      Tloc           N/A          11%         4
 Portal Projectile        Hex/Tloc       28%          32%         3
 Animate Skeleton         Necr           6%           73%         1
 Corona                   Hex            3%           73%         1
 Magic Dart               Conj           12%          73%         1
 Pain                     Necr           12%          73%         1
 Sandblast                Erth           6%           73%         1
 Sting                    Tmut/Pois      12%          73%         1
 Summon Small Mammal      Summ           12%          73%         1
 Dispersal                Tloc           13%          85%         6
 Call Imp                 Summ           3%           86%         2
 Passwall                 Tmut/Erth      2%           86%         2
 Poisonous Vapours        Pois/Air       6%           86%         2
 Slow                     Hex            3%           86%         2
 Swiftness                Air            3%           86%         2
 Conjure Flame            Conj/Fire      3%           97%         3
 Ignite Poison            Fire/Tmut/Pois 3%           97%         3
 Mephitic Cloud           Conj/Pois/Air  3%           97%         3
 Spider Form              Tmut/Pois      1%           97%         3
 Static Discharge         Conj/Air       3%           97%         3
 Stone Arrow              Conj/Erth      6%           97%         3
 Airstrike                Air            1%           100%        4
 Cause Fear               Hex            1%           100%        4
 Dispel Undead            Necr           3%           100%        4
 Olgreb's Toxic Radiance  Pois           3%           100%        4
 Petrify                  Tmut/Erth      3%           100%        4
 Alistair's Intoxication  Tmut/Pois      2%           100%        5
 Lee's Rapid Deconstruct  Erth           1%           100%        5
 Lightning Bolt           Conj/Air       1%           100%        5
 Silence                  Hex/Air        1%           100%        5
 Yara's Violent Unravell  Hex/Tmut       1%           100%        5
 Conjure Ball Lightning   Conj/Air       1%           100%        6
 Death Channel            Necr           1%           100%        6
 Invisibility             Hex            3%           100%        6
 Simulacrum               Ice/Necr       1%           100%        6
 Discord                  Hex            1%           100%        8
 Disjunction              Tloc           13%          100%        8
 Ignition                 Fire           1%           100%        8
 Shatter                  Erth           1%           100%        9
 Tornado                  Air            1%           100%        9
 Sublimation of Blood     Necr           Unusable     N/A         2

Dungeon Overview and Level Annotations

Branches:
Dungeon (15/15)            Temple (0/1) D:4            Lair (6/6) D:10
  Swamp (4/4) Lair:3       Spider (4/4) Lair:3        Slime (0/5) Lair:5
    Orc (2/2) D:10            Elf (0/3) Orc:2        Vaults (5/5) D:13
  Crypt (0/3) Vaults:3     Depths (0/5) D:15        Ossuary (visited)
  IceCv (visited)

Altars:
Ashenzari
Dithmenos
Elyvilon
Hepliaklqana
Makhleb
Nemelex Xobeh
Okawaru
Ru
Sif Muna
Vehumet
Wu Jian
Xom
Yredelemnul
Zin

Shops:
D:4 ?!*=   D:10 (   D:14 ?   Orc:2 [!:   Vaults:1 }==   Vaults:3 *   Vaults:4 }

Annotations:
D:7 1 runed translucent door
D:10 1 runed translucent door, lasso's ghost, novice DDFi
Lair:5 exclusion: 3 oklob plants
Vaults:2 3 runed translucent doors, Bailed's ghost, veteran MiMo; Eldin's ghost, veteran DEWz; Sianeop's ghost, adept GrFi; howech's ghost, veteran MiGl; ragingrage's ghost, veteran HOFi
Vaults:5 Boris


Innate Abilities, Weirdness & Mutations

You are resistant to torment.
Your stone body is resilient. (AC +16)
You are immune to poison.
Your large and strong wings let you fly indefinitely.
You resist negative energy. (rN+)
You are resistant to electric shocks. (rElec)
You can survive without breathing.
You are immune to petrification.
You are immune to miasma.


Message History

The vault guard hits the vault guard with a +1 vorpal broad axe!!
The vault guard is killed!
The phantasmal warrior hits you but does no damage.
The vault guard is engulfed in noxious fumes.
The yaktaur is engulfed in noxious fumes.
The yaktaur appears confused.
The vault guard shouts!
The vault sentinel shouts!
You hear a shout!
The runic seals fade away.
The vault guard shouts!
The vault guard seems less confused.
The orc knight is engulfed in noxious fumes.
The orc knight appears confused.
The orc knight hits the tentacled monstrosity with a +0 bardiche!
The vault guard is engulfed in noxious fumes.
The vault guard hits the vault sentinel with a +0 great sword!
The vault sentinel is killed!
The vault guard is engulfed in noxious fumes.
The vault guard appears confused.
The tentacled monstrosity tentacle-slaps you.
You die...

#! #○§☼.# )
#§§..# .
#....#..#c. $
#p#.c..#..#§.
§○##e#☼§p☼#c§pc
§☼§☼☼§.p§o§§e§.
####.○W§XT.§#####
(...§QC@p{Gp.....
....☼*ppD°C☼.....
...*Q§☼§§C§§§....
...§§§○p§pc○§..p.
####§○☼☼§§pp#####
...p§pppp○§§§
#...#§☼p☼#○§○./
##.(#§ppp#......
... #....#......


You could see a tentacled monstrosity, an ironheart preserver (empowered,
confused), 3 titans, a golden dragon (drained), 3 vault wardens, 2 tengu
reavers, a yaktaur captain (confused), 14 vault guards, an orc knight
(confused), a great orb of eyes, a deep elf sorcerer, a deep troll (confused), 3
vault sentinels, a deep elf high priest (strong, brilliance aura, confused), a
phantasmal warrior (strong), 3 yaktaurs and 2 battlespheres.

Vanquished Creatures
  Nikola (Vaults:1)
  A golden dragon (Vaults:5)
  A bone dragon (Vaults:3)
  Rupert (D:12)
  Jorgrun (D:13)
  An Ice Fiend (IceCv)
  2 liches
  Frances (D:13)
  A sphinx (Vaults:4)
  Kirke (Swamp:4)
  4 thorn hunters
  A shadow dragon (D:14)
  The ghost of Iffuusoj the Severer, an adept MiBe of Trog (Swamp:3)
  A storm dragon (Vaults:3)
  Donald (Swamp:2)
  4 ghost moths
  3 deep elf sorcerers
  2 fire giants
  A fenstrider witch (Lair:3)
  A cacodemon (Abyss:3)
  2 orc warlords
  Louise (D:15)
  6 emperor scorpions
  6 vault wardens
  The ghost of MackTheFife the Severer, a journeyman OgFi of Okawaru (D:12)
  A ghoul (Vaults:3)
  A frost giant (Vaults:4)
  The ghost of Cicylist the Cleaver, a journeyman FoFi of Okawaru (D:14)
  4 very ugly things (Vaults:1)
  12 ironheart preservers
  A vampire knight (Vaults:3)
  3 stone giants
  3 deep elf demonologists
  3 deep elf annihilators
  An entropy weaver (Spider:2)
  A dire elephant (D:15)
  2 spark wasps (Spider:4)
  6 bunyips
  3 ettins
  5 eleionomae
  Snorg (D:9)
  A deep elf death mage (Vaults:1)
  A merfolk javelineer (D:12)
  10 yaktaur captains
  Josephine (D:10)
  4 fire dragons
  A shambling mangrove (Swamp:4)
  Erolcha (D:10)
  Harold (Lair:2)
  Fannar (Lair:1)
  2 great orbs of eyes
  8 vault guards (Vaults:5)
  An ice dragon (Vaults:2)
  9 boulder beetles
  A naga warrior (D:12)
  21 hydras
  3 rakshasas
  12 centaur warriors
  4 catoblepae
  5 ghost crabs
  3 death knights
  6 alligators
  11 ogre magi
  Erica (D:9)
  A deep troll earth mage (Vaults:3)
  50 two-headed ogres
  7 death yaks
  4 tengu warriors
  8 large abominations (Abyss:3)
  3 orc high priests (Orc:2)
  2 shock serpents (Vaults:4)
  4 deep elf knights
  Nergalle (D:10)
  4 thrashing horrors (Abyss:3)
  2 soul eaters (Vaults:3)
  3 skeletal warriors (Vaults:4)
  4 unseen horrors
  6 goliath frogs
  A storm dragon skeleton (Vaults:4)
  A shadow wraith (Vaults:4)
  3 spriggan druids
  8 swamp dragons (Swamp:4)
  2 flayed ghosts
  5 starcursed masses (Abyss:3)
  12 deep trolls
  10 bog bodies
  A glowing orange brain (Vaults:2)
  A lindwurm (shapeshifter) (Vaults:2)
  8 deep elf archers
  6 harpies
  11 ironbrand convokers
  4 phantasmal warriors
  A golden dragon skeleton (Vaults:4)
  12 orc knights
  2 wizards
  3 necromancers (Vaults:4)
  18 deep elf magi
  A wolf spider zombie (D:15)
  41 wolf spiders
  16 orb spiders
  6 orc sorcerers
  A worldbinder (Abyss:3)
  15 ugly things
  A shadow dragon skeleton (Vaults:4)
  3 will-o-the-wisps (Lair:3)
  4 cyclopes
  5 moths of wrath
  A salamander (D:15)
  A sphinx skeleton (Vaults:4)
  A fire giant skeleton (Vaults:4)
  5 elephants (Lair:5)
  5 black mambas
  3 manticores
  A frost giant skeleton (Vaults:4)
  A human skeleton (Vaults:4)
  An eye of devastation (Abyss:3)
  3 torpor snails
  3 naga magi (Vaults:4)
  2 centaur zombies
  12 vault sentinels
  2 ice statues
  2 gargoyles
  A water nymph (shapeshifter) (Vaults:4)
  3 smoke demons (Abyss:3)
  16 cane toads
  A rime drake (Lair:6)
  A human zombie (Vaults:4)
  9 komodo dragons
  58 yaktaurs
  A kobold demonologist (D:12)
  A golden dragon simulacrum (IceCv)
  3 tengu conjurers
  9 freezing wraiths
  A hellion (Abyss:3)
  7 ice devils (IceCv)
  3 anaconda simulacra (IceCv)
  2 trolls (shapeshifter)
  5 demonic crawlers
  17 hornets
  44 jumping spiders
  A queen bee (shapeshifter) (D:14)
  A bloated husk (Swamp:3)
  7 polar bears
  15 slime creatures
  9 trolls
  18 blink frogs
  Grinder (D:5)
  2 raiju (Vaults:4)
  8 tyrant leeches
  A sphinx simulacrum (Vaults:4)
  A wolf spider simulacrum (D:14)
  A raiju (shapeshifter) (Vaults:1)
  2 dream sheep (Lair:6)
  4 small abominations (Abyss:3)
  An iron dragon simulacrum (Vaults:4)
  94 redbacks
  13 spriggans
  A spriggan (shapeshifter) (Vaults:4)
  5 shadows
  55 yaks
  35 tarantellas
  10 wraiths
  6 wyverns
  A spriggan simulacrum (Vaults:4)
  4 dire elephant simulacra (IceCv)
  A ynoxinul (Abyss:3)
  2 ettin skeletons (Vaults:4)
  2 steam dragons
  A chaos spawn (Abyss:3)
  A human (D:8)
  An elf skeleton (Vaults:4)
  7 wargs
  4 harpy simulacra (IceCv)
  A soldier ant (D:13)
  12 swamp worms
  A warg (shapeshifter) (Abyss:3)
  An acid dragon (D:12)
  14 water moccasins
  5 hydra simulacra (IceCv)
  5 ice beasts
  31 orc warriors
  2 ettin simulacra (IceCv)
  3 black bears
  8 sky beasts
  An alligator simulacrum (IceCv)
  4 swamp drakes
  A necrophage (D:9)
  3 phantoms
  3 eyes of draining
  An eye of draining (shapeshifter) (Vaults:3)
  An elf zombie (Vaults:4)
  A tengu (shapeshifter) (Vaults:4)
  9 boggarts
  37 ogres
  22 wolves
  21 centaurs
  21 bullfrogs
  3 big kobolds
  A glowing shapeshifter simulacrum (Vaults:3)
  2 scorpions
  19 killer bees
  4 human simulacra
  22 wights
  4 jellies
  A howler monkey (D:13)
  3 draconian simulacra (IceCv)
  A quasit (Abyss:3)
  2 bullfrog zombies (D:10)
  6 hounds
  5 centaur skeletons
  22 orc priests
  33 orc wizards
  4 bullfrog skeletons
  Jessica (D:2)
  7 iguanas
  4 lightning spires (Vaults:4)
  9 worker ants
  11 hell rats
  2 troll simulacra (IceCv)
  6 ogre zombies (D:10)
  A centaur simulacrum (IceCv)
  9 big kobold zombies (Ossuary)
  2 hound zombies (D:7)
  A mummy (Ossuary)
  2 howler monkey zombies
  Robin (D:3)
  A gnoll (D:1)
  3 naga simulacra (IceCv)
  8 adders
  8 river rats
  4 ogre simulacra (IceCv)
  A shadow imp (D:5)
  12 white imps
  12 ufetubi
  3 oozes
  An adder skeleton (D:9)
  2 dart slugs
  7 leopard geckos
  120 orcs
  4 spectral bats (Ossuary)
  5 bats
  4 giant cockroaches
  3 gnoll zombies (Ossuary)
  9 hobgoblins
  4 jackals (D:6)
  30 kobolds
  A quokka (D:6)
  2 ball pythons
  5 bat simulacra (Ossuary)
  5 frilled lizards
  18 goblins
  A goblin simulacrum (Ossuary)
  3 goblin skeletons (D:10)
  6 goblin zombies
  2 hobgoblin skeletons (D:10)
  7 hobgoblin zombies
  A jackal zombie (D:8)
  3 kobold simulacra (Ossuary)
  4 kobold zombies
  A leopard gecko zombie (D:5)
  3 orc skeletons (D:10)
  12 orc zombies
  19 rats
  3 rat simulacra (Ossuary)
  7 spectral goblins (Ossuary)
  2 spectral kobolds (Ossuary)
  7 spectral rats (Ossuary)
  A briar patch (Swamp:4)
  A lurking horror (Abyss:3)
  A macabre mass (Vaults:4)
1795 creatures vanquished.

Vanquished Creatures (collateral kills)
  A vault warden (Vaults:3)
  An ice dragon (Vaults:4)
  An unseen horror (D:14)
  An ironbrand convoker (Vaults:1)
  A spriggan (Lair:6)
  A wraith (D:13)
  2 river rats (Lair:1)
  An orc zombie (D:10)
  A rat (Lair:1)
10 creatures vanquished.

Vanquished Creatures (others)
  A storm dragon (Vaults:5)
  2 ironheart preservers
  An ogre mage (Vaults:4)
  A two-headed ogre (Vaults:4)
  A deep elf knight (Vaults:3)
  A deep troll (Vaults:5)
  A wizard (Vaults:4)
  2 ironbrand convokers
  An orb spider (Spider:4)
  A vault sentinel (Vaults:4)
  2 yaktaurs
  A jumping spider (Spider:4)
  A small abomination (Vaults:4)
  4 humans (Swamp:4)
  A warg (Vaults:4)
  A swamp drake (Swamp:4)
  A centaur (Vaults:4)
  2 orc wizards
  An ufetubus (IceCv)
  2 ball lightnings (Vaults:4)
  A bush (Lair:6)
  30 foxfires
  33 fungi
  60 plants
152 creatures vanquished.

Grand Total: 1957 creatures vanquished

Notes
Turn   | Place    | Note
-------+----------+-------------------------------------------
     0 | D:1      | Froggeryz the Gargoyle Gladiator began the quest for the
                  | Orb.
     0 | D:1      | Reached XP level 1. HP: 12/12 MP: 1/1
   174 | D:1      | Reached XP level 2. HP: 2/17 MP: 2/2
   175 | D:1      | HP: 1/25 [giant cockroach (1)]
   815 | D:1      | Reached XP level 3. HP: 20/21 MP: 3/3
  1493 | D:2      | Noticed a bullfrog
  1517 | D:2      | Noticed an orc warrior
  1689 | D:2      | Reached XP level 4. HP: 20/26 MP: 4/4
  1921 | D:3      | Found a sacrificial altar of Ru.
  2015 | D:3      | Reached skill level 5 in Maces & Flails
  2157 | D:3      | Noticed Robin
  2288 | D:2      | Killed a bullfrog
  2289 | D:2      | Reached XP level 5. HP: 12/30 MP: 5/5
  2659 | D:2      | Noticed Jessica
  2665 | D:2      | Killed Jessica
  2868 | D:2      | Killed an orc warrior
  2869 | D:2      | Reached XP level 6. HP: 35/35 MP: 6/6
  3080 | D:3      | Reached XP level 7. HP: 9/40 MP: 7/7
  3439 | D:3      | Found a radiant altar of Vehumet.
  3763 | D:3      | Killed Robin
  3816 | D:3      | Reached skill level 1 in Armour
  4061 | D:4      | Found Rasal's Magic Scroll Shop.
  4061 | D:4      | Found Aleiveq Corch's Distillery.
  4119 | D:4      | Bought a potion of heal wounds for 70 gold pieces
  4119 | D:4      | Bought a potion of might for 56 gold pieces
  4130 | D:4      | Found Imnucud's General Store.
  4301 | D:4      | Found a staircase to the Ecumenical Temple.
  4387 | D:4      | Found Sumaezask's Jewellery Shop.
  4519 | D:5      | Entered Level 5 of the Dungeon
  5066 | D:5      | Reached XP level 8. HP: 30/44 MP: 5/8
  5290 | D:5      | Noticed Grinder
  5344 | D:5      | Killed Grinder
  5498 | D:5      | Reached skill level 3 in Fighting
  6061 | D:6      | Reached skill level 10 in Maces & Flails
  6093 | D:6      | Found a sand-covered staircase.
  6117 | Ossuary  | Entered an ossuary
  6178 | Ossuary  | Reached skill level 4 in Fighting
  6279 | Ossuary  | Reached XP level 9. HP: 52/52 MP: 9/9
  6609 | D:6      | Found an ornate altar of the Wu Jian Council.
  6822 | D:6      | Found a sparkling altar of Nemelex Xobeh.
  6998 | D:6      | Reached skill level 5 in Fighting
  7136 | D:6      | Found a glowing silver altar of Zin.
  7698 | D:7      | Found a runed translucent door.
  7698 | D:7      | Found a white marble altar of Elyvilon.
  7698 | D:7      | Noticed an angel
  7961 | D:7      | Found the +2 ratskin cloak {*Rats rPois rN+ Str-1 Int-1
                  | Dex+1}
  8283 | D:8      | Reached skill level 6 in Fighting
  8330 | D:8      | Noticed a hornet
  8344 | D:8      | Killed a hornet
  8501 | D:8      | Reached XP level 10. HP: 57/61 MP: 10/10
  8559 | D:8      | Found a runed translucent door.
  8566 | D:8      | Found a basalt altar of Yredelemnul.
  8663 | D:8      | Noticed a two-headed ogre
  8672 | D:8      | Killed a two-headed ogre
  8673 | D:8      | Reached skill level 7 in Fighting
  9475 | D:9      | Reached skill level 8 in Fighting
  9922 | D:9      | Found a shadowy altar of Dithmenos.
  9922 | D:9      | Found a shimmering blue altar of Sif Muna.
 10104 | D:9      | Found a hazy altar of Hepliaklqana.
 10104 | D:9      | Noticed Erica
 10122 | D:9      | Killed Erica
 10123 | D:9      | Reached skill level 9 in Fighting
 10123 | D:9      | Reached XP level 11. HP: 69/71 MP: 9/11
 10218 | D:10     | Entered Level 10 of the Dungeon
 10231 | D:10     | Noticed a death yak
 10234 | D:10     | Noticed a death yak
 10239 | D:10     | Noticed a death yak
 10244 | D:10     | Noticed a death yak
 10331 | D:10     | Noticed Erolcha
 10348 | D:10     | Killed Erolcha
 10378 | D:10     | Noticed Snorg
 10394 | D:10     | Found a staircase to the Lair.
 10398 | D:10     | Noticed a two-headed ogre
 10656 | D:10     | Noticed a death yak
 10657 | D:10     | Noticed a death yak
 10692 | D:9      | Killed a death yak
 11029 | D:10     | Noticed a death yak
 11048 | D:9      | Killed a death yak
 11133 | D:9      | Killed Snorg
 11134 | D:9      | Reached skill level 10 in Fighting
 11435 | D:9      | Killed a death yak
 11733 | D:9      | Killed a death yak
 11734 | D:9      | Reached skill level 15 in Maces & Flails
 11802 | D:10     | Found Jopoihil's Weapon Shop.
 11802 | D:10     | Noticed Josephine
 11812 | D:9      | Reached skill level 5 in Armour
 11835 | D:10     | Killed Josephine
 11899 | D:9      | Killed a death yak
 11900 | D:9      | Reached XP level 12. HP: 60/77 MP: 9/12
 11992 | D:10     | Noticed Nergalle
 12005 | D:10     | Killed a two-headed ogre
 12012 | D:10     | Killed Nergalle
 12198 | D:10     | Found a staircase to the Orcish Mines.
 12361 | D:9      | Killed a death yak
 12510 | D:10     | Found a runed translucent door.
 12580 | D:10     | Found a shimmering altar of Xom.
 12580 | D:10     | Noticed lasso's ghost (novice DDFi)
 12610 | D:10     | Killed a death yak
 13046 | D:10     | Noticed a two-headed ogre
 13053 | D:10     | Killed a two-headed ogre
 13054 | D:10     | Reached skill level 1 in Spellcasting
 13196 | Lair:1   | Entered Level 1 of the Lair of Beasts
 13291 | Lair:1   | Noticed Fannar
 13314 | Lair:1   | HP: 1/77 [Fannar/uncursed staff of cold (12)]
 13316 | Lair:1   | Killed Fannar
 14968 | Lair:2   | Noticed a six-headed hydra
 14974 | Lair:2   | Killed a six-headed hydra
 15076 | Lair:2   | Noticed Harold
 15091 | Lair:2   | Killed Harold
 15092 | Lair:2   | Reached skill level 5 in Throwing
 15139 | Lair:1   | Reached XP level 13. HP: 82/82 MP: 20/20
 15293 | Lair:2   | Reached skill level 5 in Spellcasting
 16496 | Lair:3   | Identified a scroll of acquirement
 16496 | Lair:3   | Acquired 1048 gold pieces
 16709 | Lair:3   | Found a staircase to the Swamp.
 17271 | Lair:3   | Found a hole to the Spider Nest.
 18028 | Spider:1 | Entered Level 1 of the Spider Nest
 19381 | Lair:5   | Found a staircase to the Slime Pits.
 19622 | Lair:5   | Reached skill level 11 in Fighting
 19696 | Lair:5   | Gained mutation: Your large and strong wings let you fly
                  | indefinitely. [Gargoyle growth]
 19696 | Lair:5   | Reached XP level 14. HP: 62/90 MP: 17/24
 20581 | Lair:5   | Found the +11 plutonium sword {*Contam Stlth-}
 20807 | Lair:6   | Entered Level 6 of the Lair of Beasts
 22492 | Lair:6   | Reached skill level 1 in Shields
 22498 | Lair:6   | Reached skill level 12 in Fighting
 22506 | Lair:6   | Reached skill level 10 in Armour
 23827 | D:11     | Got a bloodstained plate armour
 23835 | D:11     | Identified the +8 plate armour "Poeroez" {rElec rC- Dex+3}
                  | (You found it on level 11 of the Dungeon)
 24034 | D:11     | Found a burning altar of Makhleb.
 24576 | D:12     | Reached skill level 5 in Shields
 24715 | D:12     | Noticed Rupert
 24726 | D:12     | Paralysed by Rupert for 6 turns
 24740 | D:12     | Killed Rupert
 24741 | D:12     | Reached skill level 10 in Throwing
 24741 | D:12     | Reached XP level 15. HP: 69/97 MP: 18/25
 24968 | D:12     | Found a runed translucent gate.
 24969 | D:12     | Found a runed translucent gate.
 24970 | D:12     | Noticed MackTheFife's ghost (journeyman OgFi)
 24976 | D:12     | Found a runed translucent gate.
 25221 | D:12     | Reached skill level 13 in Fighting
 25550 | D:12     | Found an iron altar of Okawaru.
 26058 | D:4      | Bought the ring of Amaatuhu {rElec rC+ Str+4 Dex+6} for 879
                  | gold pieces
 26302 | D:13     | Noticed Frances
 26321 | D:13     | Killed Frances
 26961 | D:13     | Noticed Jorgrun
 26977 | D:13     | Killed Jorgrun
 27495 | D:13     | Reached skill level 10 in Shields
 27936 | D:13     | Found a gate to the Vaults.
 28155 | Orc:1    | Entered Level 1 of the Orcish Mines
 28531 | Orc:2    | Entered Level 2 of the Orcish Mines
 28861 | Orc:2    | Noticed an orc warlord
 29060 | Orc:1    | Killed an orc warlord
 29061 | Orc:1    | Reached skill level 14 in Fighting
 29571 | Orc:2    | Found a staircase to the Elven Halls.
 29636 | Orc:2    | Reached XP level 16. HP: 103/106 MP: 26/26
 30117 | Orc:2    | Found Kosetis's Antique Armour Boutique.
 30117 | Orc:2    | Found Mihimoos's Distillery.
 30119 | Orc:2    | Found Foel's Book Boutique.
 30119 | Orc:2    | Found Seixyor's Distillery.
 30328 | Orc:2    | Bought a pitted plate armour for 700 gold pieces
 30328 | Orc:2    | Identified the +6 plate armour of the Echidna {MP+9 Str-3
                  | Dex+4} (You bought it in a shop on level 2 of the Orcish
                  | Mines)
 30338 | Orc:2    | Bought the Handbook of the Toxic Traveller for 780 gold
                  | pieces
 30341 | Orc:2    | Learned a level 2 spell: Blink
 30544 | D:12     | Reached skill level 1 in Translocations
 30568 | D:12     | Killed MackTheFife's ghost
 30972 | D:14     | Found Ceyniag's Magic Scroll Shop.
 31051 | D:14     | Bought a scroll of acquirement for 676 gold pieces
 31051 | D:14     | Bought a scroll of fear for 45 gold pieces
 31051 | D:14     | Acquired 1083 gold pieces
 31167 | D:14     | Reached skill level 15 in Fighting
 31286 | D:14     | Found a transporter.
 31294 | D:14     | Noticed Cicylist's ghost (journeyman FoFi)
 31294 | D:14     | Noticed a shadow dragon
 31296 | D:14     | Identified the cursed +0 cloak "Bymao" {Str+4} (You found
                  | it on level 14 of the Dungeon)
 31435 | D:14     | Found a transporter.
 31965 | D:15     | Entered Level 15 of the Dungeon
 31978 | D:15     | Noticed Louise
 31992 | D:15     | Killed Louise
 32667 | D:15     | Found a staircase to the Depths.
 32895 | Swamp:1  | Entered Level 1 of the Swamp
 32908 | Swamp:1  | Noticed a fenstrider witch
 32916 | Swamp:1  | Paralysed by a fenstrider witch for 4 turns
 33083 | Swamp:1  | Paralysed by a fenstrider witch for 7 turns
 33232 | Lair:3   | Killed a fenstrider witch
 33822 | Swamp:1  | Reached XP level 17. HP: 52/113 MP: 27/27
 34315 | Swamp:1  | Reached skill level 5 in Translocations
 34486 | Swamp:2  | Noticed Donald
 34495 | Swamp:2  | Killed Donald
 34922 | Swamp:2  | Found a frozen archway.
 34931 | IceCv    | Entered an ice cave
 35152 | IceCv    | Reached skill level 16 in Fighting
 35711 | IceCv    | Noticed an Ice Fiend
 35735 | IceCv    | Killed an Ice Fiend
 36011 | IceCv    | Got a brightly glowing ruby amulet
 36026 | IceCv    | Identified the amulet "Caeried" {rElec rPois Regen+ MP-9
                  | Str+8} (You found it in an ice cave)
 36037 | IceCv    | Identified a +1 pair of boots of running (You found it in
                  | an ice cave)
 36895 | Swamp:3  | Reached skill level 15 in Shields
 37038 | Swamp:3  | Found a runed translucent door.
 37039 | Swamp:3  | Noticed Iffuusoj's ghost (adept MiBe)
 37491 | Swamp:3  | Killed Iffuusoj's ghost
 37785 | Swamp:4  | Entered Level 4 of the Swamp
 38201 | Swamp:4  | Noticed Kirke
 38217 | Swamp:4  | Killed Kirke
 38439 | Swamp:4  | Reached XP level 18. HP: 120/120 MP: 28/28
 38727 | Swamp:4  | Got a decaying rune of Zot
 41374 | Spider:3 | Got a bloodstained helmet
 41376 | Spider:3 | Identified the cursed +0 helmet "Byofoad" {Dex+8} (You
                  | found it on level 3 of the Spider Nest)
 41593 | Spider:3 | Reached skill level 17 in Fighting
 42170 | Spider:3 | Reached XP level 19. HP: 117/128 MP: 29/29
 42796 | Spider:4 | Entered Level 4 of the Spider Nest
 43798 | Spider:4 | Reached skill level 5 in Dodging
 44236 | Spider:4 | Got a gossamer rune of Zot
 44614 | Vaults:1 | Entered Level 1 of the Vaults
 44614 | Vaults:1 | Found Tyd Ymojib's Jewellery Shoppe.
 44646 | Vaults:1 | Found Deimnaoc's Jewellery Boutique.
 45064 | Vaults:1 | Found Ciza's Gadget Boutique.
 45341 | Vaults:1 | Noticed Nikola
 45355 | Vaults:1 | Killed Nikola
 45356 | Vaults:1 | Reached skill level 18 in Fighting
 45578 | Vaults:1 | Reached skill level 10 in Translocations
 46206 | Vaults:2 | Reached XP level 20. HP: 136/136 MP: 30/30
 46490 | Vaults:2 | Cast into level 2 of the Abyss (a deep elf sorcerer)
 47013 | Abyss:3  | HP: 1/137 [hellion/damnation (36)]
 47015 | Abyss:3  | Noticed a bone dragon
 47073 | Abyss:3  | Acquired a manual of Dodging
 47075 | Abyss:3  | Acquired 1181 gold pieces
 47087 | Vaults:2 | Escaped the Abyss
 48609 | Vaults:2 | Found a runed translucent gate.
 48609 | Vaults:2 | Found a runed translucent gate.
 48609 | Vaults:2 | Found a runed translucent gate.
 48610 | Vaults:2 | Noticed howech's ghost (veteran MiGl)
 48610 | Vaults:2 | Noticed Sianeop's ghost (adept GrFi)
 48613 | Vaults:2 | Noticed ragingrage's ghost (veteran HOFi)
 48614 | Vaults:2 | Noticed Eldin's ghost (veteran DEWz)
 48614 | Vaults:2 | Noticed Bailed's ghost (veteran MiMo)
 48903 | Vaults:3 | Reached skill level 19 in Fighting
 49223 | D:14     | Killed Cicylist's ghost
 49694 | D:14     | Got a clouded bone amulet
 49699 | D:14     | Identified the amulet "Sael" {RegenMP rElec} (You found it
                  | on level 14 of the Dungeon)
 49780 | Vaults:1 | Bought an uncursed ring of protection from fire for 400
                  | gold pieces
 50225 | Vaults:3 | Found a staircase to the Crypt.
 50240 | Vaults:3 | You are sucked into a shaft and drop 1 floor!
 50531 | Vaults:3 | Reached XP level 21. HP: 129/144 MP: 31/31
 50681 | Vaults:3 | Reached skill level 10 in Dodging
 51146 | Vaults:3 | Found Nidgh's General Store.
 51581 | Vaults:3 | Found a broken altar of Ashenzari.
 53134 | Vaults:4 | Noticed a bone dragon
 53177 | Vaults:4 | Reached XP level 22. HP: 71/152 MP: 32/32
 53609 | Vaults:4 | Identified the Collected Works on Air
 54024 | Vaults:4 | Found Kesig's Gadget Shop.
 54077 | Vaults:4 | Reached skill level 20 in Fighting
 54507 | Vaults:4 | Identified Wuyp's Tome of Sinister Rituals
 54744 | Vaults:5 | Entered Level 5 of the Vaults
 54744 | Vaults:5 | Noticed a golden dragon
 54746 | Vaults:5 | Noticed an ancient lich
 54750 | Vaults:5 | Noticed a golden dragon
 54755 | Vaults:5 | Paralysed by a sphinx for 6 turns
 55281 | Vaults:5 | Noticed Boris
 55282 | Vaults:5 | Killed a golden dragon
 55286 | Vaults:5 | Paralysed by a great orb of eyes for 5 turns
 55289 | Vaults:5 | HP: 7/152 [tentacled monstrosity (2)]
 55289 | Vaults:5 | HP: 2/152 [tentacled monstrosity (5)]
 55290 | Vaults:5 | Slain by a tentacled monstrosity

Illustrated notes

Levels and vault maps discovered:
D:1:      tarquinn_simple_flora_water_d, layout_loops_ring
D:2:      layout_rooms, uniq_jessica
D:3:      layout_basic, lemuel_round_altar, serial_corexii_hall,
          corexii_hall_statues_t, corexii_hall_statues_deadend,
          chequers_hall_statues_y, corexii_hall_statues_i,
          corexii_hall_statues_s, chequers_hall_statues_corner_a,
          nicolae_ru_awakened_eye, uniq_robin
D:4:      layout_rooms, minmay_temple_entry_mini_moons, serial_shops,
          nicolae_shop_trees, shop, kennysheep_mini, shop
D:5:      layout_basic, amethyst_killhole, uniq_grinder
D:6:      layout_basic, nzn_wu_jian_council_hall, zin_treasury, enter_ossuary_1,
          nemelex_diamond_rough_becter
D:7:      wander_guarded_unrand_ratskin, layout_loops_cross,
          minmay_misc_feat_ornament, lemuel_angel_altar
D:8:      layout_basic, dk_yredelemnul_ordeal
D:9:      layout_roguey, nzn_hepliaklqana_mist_gate,
          gammafunk_temple_overflow_wave, uniq_erica
D:10:     layout_gridville, dpeg_lair_monsters, zombieorc1_lemuel, serial_shops,
          nicolae_shop_behind_doors, ebering_ghost_xom, st_stairs_1,
          uniq_nergalle, uniq_snorg, uniq_josephine, uniq_erolcha
D:11:     layout_small_grid, makhleb_altar_promises_db
D:12:     layout_rooms, gammafunk_ghost_fury_of_okawaru,
          kennysheep_generic_room_14, uniq_rupert
D:13:     minmay_s_stair_smasher, layout_loops_corners,
          hangedman_vaults_entry_quadrant_bands, uniq_jorgrun, uniq_frances
D:14:     layout_long_grid, serial_bayou_ford_a,
          gammafunk_ghost_berserking_beasts, serial_shops, shop_scrolls,
          kennysheep_generic_room_3
D:15:     hangedman_depths_entry_try_elsewhere_first, layout_basic,
          grunt_decor_one_mirror, uniq_louise
Lair:1:   layout_concentric_octagons, kennysheep_rathole, uniq_fannar
Lair:2:   layout_cave_shapes, serial_bayou_shore_b, lemuel_fruit_tree,
          uniq_harold
Lair:3:   layout_misc_corridors, minmay_swamp_entry_wisps,
          spider_nest_entry_webs, gauntlet_entry_generic,
          chequers_serial_rivers_room_a
Lair:4:   layout_roguey, chequers_serial_rivers_small_3, lemuel_fruit_fields
Lair:5:   statuecave_lemuel, layout_cave_pods, minmay_slime_entry_oklob_open,
          lemuel_fruit_fields
Lair:6:   minmay_lair_end_enchanted_forest, layout_cave_pods
Swamp:1:  layout_falls_marsh, evilmike_swamp_ruin_house_4,
          infiniplex_staircase_pool
Swamp:2:  layout_falls_marsh, portal_ice_cave_entry_pillars_three,
          evilmike_swamp_ruin_house_1, swamp_pool2, uniq_donald
Swamp:3:  layout_basic_swamp, ebering_ghost_inner_flame, hangedman_swamp_blocks,
          swamp_pool4
Swamp:4:  swamp_alternative, layout_basic_swamp, uniq_kirke
Spider:1: mumra_spider_spiderweb
Spider:2: layout_spider_delve
Spider:3: layout_chambers
Spider:4: grunt_spider_rune_parallel
Orc:1:    layout_diamond_mine
Orc:2:    grunt_orc_tribal_feast, layout_caves
Vaults:1: nicolae_vaults_little_squares_2, v_misc_30, nicolae_vaults_triangles,
          ontoclasm_vaults_ring_small, nicolae_vaults_rhombus_6, v_misc_1,
          vaults_standard_mumra_x, nicolae_vaults_quartermaster,
          vaults_dpeg_ring, hangedman_vaults_maws, layout_vaults_omnicross,
          serial_shops, nicolae_shop_behind_doors,
          nicolae_shop_competitors_out_of_business, shop_coins, uniq_nikola
Vaults:2: gammafunk_vaults_ghost_cemetery, nicolae_vaults_branching_niches,
          vaults_dpeg_doors, hangedman_vaults_corner_blocks, v_misc_29,
          hangedman_vaults_cutoff, nicolae_vaults_little_squares_6,
          layout_vaults_big_room
Vaults:3: vaults_mumra_chevron, hangedman_vaults_stream,
          ontoclasm_vaults_gateway, ontoclasm_vaults_eye, ontoclasm_vaults_chip,
          minmay_crypt_entry_simple_walls, v_misc_1, vaults_room_door_ring,
          nicolae_vaults_ring_of_whatevers, vaults_room_stairs_pillars,
          layout_vaults_omnigrid, serial_shops, shop, basic_altar
Vaults:4: dpeg_vaults_monster_box, v_misc_18, nicolae_vaults_border_crossing,
          nicolae_vaults_octagons, vaults_room_large_hall, vaults_dpeg_spiral,
          v_misc_12, hangedman_vaults_stitches, vaults_room_corners, v_misc_19,
          nicolae_vaults_little_squares_5, layout_vaults_omnibox,
          lightli_enter_wizlab_magi_temple, serial_shops, shop,
          serial_hangedman_research, hangedman_research_thanatology,
          hangedman_research_electronics
Vaults:5: uniq_boris

Skill      XL: |  1  2  3  4  5  6  7  8  9 10 11 12 13 14 15 16 17 18 19 20 21 22 |
---------------+-------------------------------------------------------------------+-----
Maces & Flails | 4 5 6 7 8 10 12 13 15 16 17 | 17.3
Armour         | 3 4 5 7 8 10 11 12 13 14 | 14.2
Fighting       | 4 6 9 10 11 12 14 15 16 17 18 19 20 | 20.1
Throwing       | 5 8 10 | 10.0
Spellcasting   | 4 7 |  7.0
Shields        | 5 10 12 16 17 18 | 18.5
Translocations | 4 5 8 10 11 | 11.4
Dodging        | 3 6 9 11 12 | 12.5

Action                   |  1- 3 |  4- 6 |  7- 9 | 10-12 | 13-15 | 16-18 | 19-21 | 22-24 || total
-------------------------+-------+-------+-------+-------+-------+-------+-------+-------++-------
Melee: Flail             |   108 |   157 |   441 |       |       |       |       |       ||   706
       Morningstar       |       |       |   214 |   656 |  1703 |   355 |       |       ||  2928
       Eveningstar       |       |       |       |       |       |  1106 |  1711 |   306 ||  3123
Throw: Dart              |       |     4 |       |     8 |     4 |       |     4 |       ||    20
       Throwing net      |       |       |     6 |     1 |       |       |       |       ||     7
       Javelin           |       |       |       |       |     7 |       |     5 |     8 ||    20
 Cast: Blink             |       |       |       |       |       |       |     1 |       ||     1
 Abil: Fly               |       |       |       |       |     1 |       |       |       ||     1
       Stop Flying       |       |       |       |       |       |       |       |     1 ||     1
Evoke: Wand              |       |       |       |     4 |     3 |       |     2 |     1 ||    10
       Condenser vane    |       |       |       |       |       |       |     1 |     1 ||     2
  Use: Potion            |     1 |     4 |     1 |     4 |       |     3 |     6 |     5 ||    24
       Scroll            |     3 |     4 |       |     4 |    25 |    22 |    12 |     4 ||    74
 Stab: Held in net/web   |       |       |     2 |       |       |       |     1 |       ||     3
       Distracted        |       |       |       |     1 |     2 |     1 |     4 |     1 ||     9
       Petrifying        |       |       |       |       |     1 |       |     1 |       ||     2
       Confused          |       |       |       |       |       |     2 |       |     3 ||     5
       Petrified         |       |       |       |       |       |       |    12 |       ||    12
Armor: Leather armour    |    48 |    58 |     6 |       |       |       |       |       ||   112
       Skin              |     7 |    66 |       |       |       |       |       |       ||    73
       Scale mail        |       |       |   371 |   312 |   195 |       |       |       ||   878
       Fire dragon scale |       |       |       |       |   517 |       |       |    66 ||   583
       Plate armour      |       |       |       |       |   219 |   920 |   770 |   132 ||  2041
Dodge: Dodged            |    84 |    96 |   343 |   276 |   623 |   342 |   695 |   164 ||  2623
Block: Buckler           |       |       |       |       |   253 |   346 |       |       ||   599
       Reflection        |       |       |       |       |     5 |    44 |   109 |    19 ||   177
       Kite shield       |       |       |       |       |       |   845 |  1856 |   316 ||  3017
